 Dungeon Crawl Stone Soup version 0.25.0-9-g26727b657a (webtiles) character file.

Game seed: 12015492551215473404

1364 Froggeryz the Grappler (level 8, -23/46 HPs)
             Began as a Gargoyle Monk on June 19, 2020.
             Was a Priest of Okawaru.
             Killed from afar by a kobold (24 damage)
             ... with a bolt of acid
             ... on level 7 of the Dungeon.
             The game lasted 00:08:10 (6590 turns).

Froggeryz the Grappler (Gargoyle Monk)              Turns: 6590, Time: 00:08:10

Health: -23/46     AC:  9    Str: 16    XL:     8   Next: 64%
Magic:  8/8        EV: 11    Int: 12    God:    Okawaru [***...]
Gold:   434        SH:  0    Dex:  8    Spells: 7/7 levels left

rFire    . . .     SeeInvis +     - Unarmed
rCold    . . .     Gourm    .   (no shield)
rNeg     + . .     Faith    .   e - +1 ring mail
rPois    ∞         Spirit   .   (no helmet)
rElec    +         Reflect  .   w - scarf {+Inv}
rCorr    .         Harm     .   (no gloves)
MR       .....                  o - +0 pair of boots
Stlth    +.........             (no amulet)
HPRegen  0.15/turn              i - ring of see invisible
MPRegen  0.11/turn              q - -4 ring of dexterity (curse)

@: corroded
A: negative energy resistance 1, electricity resistance, unbreathing,
petrification resistance, rot immunity, AC +5
a: Heroism, Renounce Religion, Evoke Invisibility


You were on level 7 of the Dungeon.
You worshipped Okawaru.
Okawaru was most pleased with you.
You were very hungry.

You visited 2 branches of the dungeon, and saw 8 of its levels.

You collected 434 gold pieces.

Inventory:

Armour
 e - a +1 ring mail (worn)
 o - a +0 pair of boots (worn)
 w - a scarf of invisibility (worn)
Jewellery
 a - the ring "Javvimma" {*Slow rC+ Int+4 Dex+6}
   (You took it off a gnoll on level 4 of the Dungeon)

   [ring of dexterity]

   It affects your intelligence (+4).
   It affects your dexterity (+6).
   It protects you from cold.
   It may slow you when you take damage.
 i - a ring of see invisible (left hand)
 q - a cursed -4 ring of dexterity (right hand)
 u - an uncursed ring of resist corrosion
Wands
 v - a wand of random effects (11)
Scrolls
 h - a scroll of noise
 l - 3 scrolls of identify
 m - a scroll of enchant armour
 s - a scroll of enchant weapon {unknown}
 x - a scroll of blinking {unknown}
 y - a scroll of teleportation
 z - 2 scrolls of remove curse
Potions
 c - a potion of invisibility {unknown}
 d - 4 potions of curing
 f - a potion of resistance {unknown}
 g - a potion of stabbing {unknown}
 j - a potion of mutation {unknown}
 k - a potion of flight {unknown}
 n - 2 potions of ambrosia {unknown}
 p - 2 potions of degeneration {unknown}
 t - a potion of might {unknown}
Comestibles
 b - 10 rations


   Skills:
 - Level 3.2 Fighting
 + Level 4.1 Armour
 - Level 2.4 Dodging
 - Level 2.1 Stealth
 * Level 10.0 Unarmed Combat


You had 7 spell levels left.
You didn't know any spells.
Your spell library was empty.

Dungeon Overview and Level Annotations

Branches:
Dungeon (7/15)             Temple (1/1) D:4

Altars:
Cheibriados
Dithmenos
Elyvilon
Fedhas
Gozag
Hepliaklqana
Kikubaaqudgha
Makhleb
Okawaru
Ru
Sif Muna
Uskayaw
Vehumet
Wu Jian
Zin
The Shining One

Annotations:
D:3 2 transporters


Innate Abilities, Weirdness & Mutations

You are resistant to torment.
Your stone body is resilient. (AC +5)
You are immune to poison.
You resist negative energy. (rN+)
You are resistant to electric shocks. (rElec)
You can survive without breathing.
You are immune to petrification.
You are immune to rotting.


Message History

Things that are here:
a +0 shortbow; 23 arrows; a centaur corpse You butcher the centaur corpse.
The big kobold throws a stone.
The stone closely misses you.
The kobold zaps a wand.
The bolt of acid hits the kobold!
The kobold is splashed with acid.
The kobold dies!
The bolt of acid hits you! The acid corrodes you!
You are splashed with acid!
* * * LOW HITPOINT WARNING * * *
Items here: % ( ) ÷ a +0 shortbow; 23 arrows; 4 chunks of flesh; a centaur skeleton
Okay, then.
Evoke which item? (* to show all) (? for menu, Esc to quit)
Aiming: Random Effects
Press: ? - help, Shift-Dir - straight line, f - kobold
Aim: a kobold, wielding a +0 dagger, quivering 4 stones and carrying a wand of acid (6)
The kobold seems to speed up.
The kobold throws a stone.
The stone completely misses you.
The kobold zaps a wand.
The bolt of acid hits you!!
Ouch! That really hurt!
You die...

.......... .....
#.......#####...#..
+.......+..........
#.......##...##....
+........(....!....
#......)#.(........
........<#().....#.#
####.....#(.?.......
........+..@.......
###.....####)......
........ .K.....
#........ .KK...#
#......... ....K.#
#.....#... .......
..###.. ..# ..


You could see a big kobold and 3 kobolds.

Vanquished Creatures
  Sigmund (D:6)
  A sky beast (D:6)
  3 slaves
  A centaur (D:7)
  2 ogres
  A necrophage (D:6)
  A big kobold (D:6)
  2 scorpions
  5 hounds
  A gnoll shaman (D:4)
  2 orc priests
  An iguana (D:6)
  An orc wizard (D:1)
  2 worker ants
  8 gnolls (D:4)
  7 adders
  2 shadow imps
  3 oozes
  3 worms
  A dart slug (D:1)
  6 leopard geckos
  11 orcs
  A ball python (D:2)
  4 bats
  3 giant cockroaches
  7 goblins
  4 hobgoblins
  12 jackals
  10 kobolds
  2 quokkas
  A frilled lizard (D:3)
  A leopard gecko zombie (D:6)
  9 rats
119 creatures vanquished.

Vanquished Creatures (others)
  A kobold (D:7)
1 creature vanquished.

Grand Total: 120 creatures vanquished

Notes
Turn   | Place    | Note
-------+----------+-------------------------------------------
     0 | D:1      | Froggeryz the Gargoyle Monk began the quest for the Orb.
     0 | D:1      | Reached XP level 1. HP: 14/14 MP: 1/1
   485 | D:1      | Reached XP level 2. HP: 19/19 MP: 2/2
   787 | D:1      | Reached skill level 4 in Unarmed Combat
  1008 | D:2      | Reached XP level 3. HP: 20/23 MP: 3/3
  1684 | D:1      | Reached skill level 5 in Unarmed Combat
  1684 | D:1      | Reached XP level 4. HP: 13/28 MP: 4/4
  2259 | D:3      | Reached XP level 5. HP: 30/32 MP: 5/5
  2492 | D:3      | Reached skill level 6 in Unarmed Combat
  2535 | D:3      | Found a transporter.
  2535 | D:3      | Found a transporter.
  2541 | D:3      | Found a shimmering blue altar of Sif Muna.
  2542 | D:3      | Found a glowing golden altar of the Shining One.
  2544 | D:3      | Noticed a two-headed ogre
  2546 | D:3      | Noticed a black bear
  2547 | D:3      | Noticed a hornet
  3023 | D:4      | Reached XP level 6. HP: 35/37 MP: 6/6
  3360 | D:4      | Reached skill level 7 in Unarmed Combat
  3593 | D:4      | Found a staircase to the Ecumenical Temple.
  3611 | D:4      | Identified the ring "Javvimma" {*Slow rC+ Int+4 Dex+6}
  3614 | Temple   | Entered the Ecumenical Temple
  3768 | Temple   | Became a worshipper of Warmaster Okawaru
  3768 | Temple   | Reached * piety under Okawaru
  3768 | Temple   | Reached ** piety under Okawaru
  3844 | D:4      | Noticed a phantom
  4445 | D:4      | HP: 1/37 [ogre/+0 giant club (14)]
  4446 | D:4      | Reached skill level 8 in Unarmed Combat
  4446 | D:4      | Reached XP level 7. HP: 2/41 MP: 7/7
  4849 | D:5      | Entered Level 5 of the Dungeon
  5153 | D:5      | Found a hide-covered altar of Uskayaw.
  5153 | D:5      | Noticed a +0 dagger
  5154 | D:5      | Noticed a +0 hand axe
  5458 | D:6      | Noticed Sigmund
  5584 | D:6      | Killed Sigmund
  5584 | D:6      | Reached skill level 1 in Armour
  5825 | D:6      | Reached skill level 9 in Unarmed Combat
  5825 | D:6      | Reached XP level 8. HP: 40/46 MP: 8/8
  6113 | D:6      | Found a hazy altar of Hepliaklqana.
  6116 | D:6      | Found an opulent altar of Gozag.
  6119 | D:6      | Found a white marble altar of Elyvilon.
  6211 | D:6      | Found an opulent altar of Gozag.
  6367 | D:6      | Found a sacrificial altar of Ru.
  6526 | D:6      | Reached *** piety under Okawaru
  6587 | D:7      | Reached skill level 10 in Unarmed Combat
  6589 | D:7      | HP: 1/46 [acid (13)]
  6590 | D:7      | Killed from afar by a kobold

Illustrated notes

Levels and vault maps discovered:
D:1:      mrwooster_arrival_arrow, layout_basic, minmay_misc_feat_enclosed
D:2:      layout_basic, first_ration
D:3:      minmay_wonky_spiral, layout_loops_ring,
          gammafunk_temple_overflow_arena
D:4:      layout_loops_cross, minmay_temple_entry_arrows, nrook_campfire
D:5:      layout_loops_ring, dancing_weapons_uskayaw
D:6:      layout_rooms, grunt_temple_overflow_cloverleaf,
          nicolae_gozag_cash_rules_everything_around_me, uniq_sigmund
D:7:      layout_basic, uniq_pikel
Temple:   nicolae_temple_figure_eight

Skill      XL: |  1  2  3  4  5  6  7  8 |
---------------+-------------------------+-----
Unarmed Combat | 4 5 6 8 9 10 | 10.0
Armour         | 2 4 |  4.1
Fighting       | |  3.2
Dodging        | |  2.4
Stealth        | |  2.1

Action                   |  1- 3 |  4- 6 |  7- 9 || total
-------------------------+-------+-------+-------++-------
Melee: Unarmed           |   175 |   224 |   234 ||   633
       Punch             |     1 |     4 |     5 ||    10
Evoke: Wand              |       |       |     3 ||     3
  Use: Scroll            |     4 |     2 |       ||     6
       Potion            |       |     2 |       ||     2
 Stab: Sleeping          |     3 |     2 |       ||     5
  Eat: Chunk             |     2 |     8 |     4 ||    14
       Ration            |       |       |     1 ||     1
Armor: Robe              |     3 |       |       ||     3
       Ring mail         |    80 |    69 |   113 ||   262
Dodge: Dodged            |    99 |   134 |   128 ||   361
